 Dungeon Crawl Stone Soup version 0.27.1-33-g824d729ab1 (webtiles) character file.

Game seed: 12537573792079967966

42 bellerephron the Skirmisher (level 3, -2/29 HPs)
             Began as a Demonspawn Fighter on Nov 27, 2021.
             Slain by an iguana (10 damage)
             ... on level 2 of the Dungeon.
             The game lasted 00:02:32 (1156 turns).

bellerephron the Skirmisher (Demonspawn Fighter)    Turns: 1156, Time: 00:02:32

Health: -2/29      AC:  9    Str: 17    XL:     3   Next: 33%
Magic:  3/3        EV:  4    Int:  9    God:
Gold:   50         SH:  8    Dex: 12    Spells: 2/2 levels left

rFire    . . .     SeeInvis .   a - +0 war axe
rCold    . . .     Faith    .   c - +0 kite shield
rNeg     . . .     Spirit   .   e - +0 chain mail
rPois    .         Reflect  .   (no helmet)
rElec    .         Harm     .   (no cloak)
rCorr    .         Rampage  .   (no gloves)
Will     .....                  (no boots)
Stlth    ..........             (no amulet)
HPRegen  0.09/turn              (no ring)
MPRegen  0.16/turn              (no ring)

@: mighty
A: magic regeneration
a: no special abilities


You were on level 2 of the Dungeon.
You visited 1 branch of the dungeon, and saw 2 of its levels.

You collected 50 gold pieces.

Inventory:

Hand Weapons
 a - a +0 war axe (weapon)
Missiles
 f - 3 stones (quivered)
 g - 6 boomerangs
Armour
 c - a +0 kite shield (worn)
 e - a +0 chain mail (worn)


   Skills:
 + Level 3.2 Fighting
 * Level 2.8 Axes
 + Level 2.9 Armour
 + Level 0.3 Dodging
 + Level 2.8 Shields


You had 2 spell levels left.
You didn't know any spells.
Your spell library was empty.

Dungeon Overview and Level Annotations

Branches:
Dungeon (2/15)

Altars:


Innate Abilities, Weirdness & Mutations

You regenerate magic rapidly.


Message History

You escape the ball python's grasp.
An endoplasm comes into view.
The endoplasm quivers.
Found 9 gold pieces.
A kobold comes into view. It is wielding a +0 whip.
The kobold shouts!
The kobold throws a stone.
You block the stone. You block the endoplasm's attack.
The endoplasm hits you but does no damage.
The endoplasm freezes you.
You are frozen.
You block the ball python's attack. The ball python grabs you.
The ball python constricts you.
You escape the ball python's grasp.
The ball python barely misses you. x2
The iguana bites you.
The endoplasm hits you but does no damage.
You feel very mighty all of a sudden. The endoplasm freezes you.
You are frozen.
* * * LOW HITPOINT WARNING * * *
You hit the endoplasm.
The endoplasm is almost dead.
The endoplasm freezes you.
You are frozen.
* * * LOW HITPOINT WARNING * * *
The endoplasm hits you but does no damage.
You slash the endoplasm!
You kill the endoplasm!
You block the ball python's attack. The ball python barely misses you.
The iguana bites you but does no damage.
Unknown command.
You slice the ball python!!
You kill the ball python!
You closely miss the iguana. You block the iguana's attack.
Unknown command.
Unknown command.
You slash the iguana!
The iguana is severely wounded.
The iguana bites you!
You die...

.############
####........#.....########
#.............##..........
#.....####..#.##..........
#.....####..#.##..........
#.....#.......###.........
#.....#.##...............+
#......Kl@...............#
#.......##†.....[........#
#$........................
#......>..................
#.........#.#.#....##....#
#.........#.......(##(...#
#...........#.#.......####
#.......###.#.#........(..
#.......# #.#+#...........


You could see an iguana and a kobold.

Vanquished Creatures
  An adder (D:2)
  A dart slug (D:1)
  5 endoplasms
  2 giant cockroaches (D:1)
  A goblin (D:1)
  3 hobgoblins (D:1)
  2 jackals (D:2)
  3 kobolds (D:1)
  3 ball pythons
  2 frilled lizards (D:1)
  5 rats (D:1)
28 creatures vanquished.

Notes
Turn   | Place    | Note
-------+----------+-------------------------------------------
     0 | D:1      | bellerephron the Demonspawn Fighter began the quest for the
                  | Orb.
     0 | D:1      | Reached XP level 1. HP: 18/18 MP: 1/1
   135 | D:1      | Gained mutation: You regenerate magic rapidly. [demonic
                  | ancestry]
   135 | D:1      | Reached XP level 2. HP: 18/24 MP: 2/2
   901 | D:1      | Found a faded altar of an unknown god.
  1070 | D:2      | Reached XP level 3. HP: 29/29 MP: 3/3
  1156 | D:2      | Slain by an iguana

Illustrated notes

Levels and vault maps discovered:
D:1:      matt_arrival_refuge, layout_loops_ring,
          dreamdust_ecumenical_altar_hidden_monk_grotto
D:2:      layout_basic, minmay_lizard_pond

Skill      XL: |  1 |
---------------+----+-----
Axes           | 2 |  2.8
Fighting       | |  3.2
Armour         | |  2.9
Dodging        | |  0.3
Shields        | |  2.8

Action                   || total
-------------------------++-------
Melee: War axe           ||    90
Throw: Stone             ||     3
  Use: Potion            ||     2
Armor: Chain mail        ||    71
Dodge: Dodged            ||    22
Block: Kite shield       ||    44
